 Dungeon Crawl Stone Soup version 0.20-a0-1058-g0491fde (webtiles) character file.

28 Alarkh the Insei (level 3, -1/26 HPs)
             Began as a Demonspawn Transmuter on Apr 26, 2017.
             Slain by an adder (3 damage)
             ... on level 2 of the Dungeon.
             The game lasted 00:00:48 (1287 turns).

Alarkh the Insei (Demonspawn Transmuter)            Turns: 1287, Time: 00:00:49

Health: -1/26      AC:  2    Str: 10    XL:     3   Next: 0%
Magic:  5/6        EV: 12    Int: 20    God:
Gold:   55         SH:  0    Dex: 13    Spells: 5/6 levels left

rFire    . . .     SeeInvis .     - Unarmed
rCold    . . .     Gourm    .   (no shield)
rNeg     . . .     Faith    .   b - +0 robe
rPois    .         Spirit   .   (no helmet)
rElec    .         Reflect  .   (no cloak)
rCorr    .         Harm     .   (no gloves)
MR       .....                  (boots currently unavailable)
Stlth    +.........             (no amulet)
Regen    0.1/turn               (no ring)
MPRegen  0.1/turn               (no ring)

@: brilliant, lethally poisoned (-1 -> -5), appendage (expiring), flying, very
slightly contaminated, invisible
A: talons 3, powered by death 1
a: End Transformation


You were on level 2 of the Dungeon.
You were not hungry.
You had grown temporary talons.
You visited 1 branch of the dungeon, and saw 2 of its levels.

You collected 55 gold pieces.

Inventory:

Missiles
 a - 12 arrows
Armour
 b - a +0 robe (worn)
Scrolls
 f - a scroll of remove curse {unknown}
 g - 4 scrolls of identify {unknown}
 l - a scroll of teleportation {unknown}
 m - a scroll of enchant armour {unknown}
Books
 c - a book of Changes

   Spells                             Type                      Level
   a - Beastly Appendage              Transmutation                1
   b - Sticks to Snakes               Transmutation                2
   c - Spider Form                    Transmutation/Poison         3
   d - Ice Form                       Ice/Transmutation            4
   e - Blade Hands                    Transmutation                5
Comestibles
 d - a bread ration
 j - 2 meat rations
 k - 4 chunks of flesh


   Skills:
 + Level 1.3 Fighting
 + Level 2.2 Dodging
 * Level 3.3 Unarmed Combat
 - Level 2.0 Spellcasting
 - Level 1.7 Transmutations


You had 5 spell levels left.
You knew the following spells:

 Your Spells              Type           Power        Failure   Level  Hunger
a - Beastly Appendage     Tmut           ###...       1%          1    #......


Dungeon Overview and Level Annotations

Branches:
Dungeon (2/15)

Altars:


Innate Abilities, Weirdness & Mutations

You regenerate a little health from kills.
You have claws for feet.


Message History

Your feet morph into talons.
You feel sick. The adder misses you.
Unknown command.
It was a potion of brilliance.
You feel clever all of a sudden. The adder bites you.
* * * LOW HITPOINT WARNING * * *
It was a potion of invisibility.
You fade into invisibility!
Your transformation is almost over.
* * * LOW HITPOINT WARNING * * *
You feel sick. The adder closely misses you.
You are very lightly contaminated with residual magic.
It was a potion of flight.
You feel very buoyant.
You fly up into the air.
The adder closely misses you. The adder barely misses you.
You miss the adder.
The adder is heavily wounded.
* * * LOW HITPOINT WARNING * * *
You feel sick. The adder bites you.
You die...

. . ####.#### ...#
#....... ##.# #.......
#.# #...).. ##.#####
#.....# .......# #.....#
.......# #...S.##
.......######...@..#
.......##..........#
.......##..........#
.......##.....####.#
.......##..........####
........................#
.......##.....#########.#
####.####.....# #.#
####.##


You could see an adder.

Vanquished Creatures
  A dart slug (D:2)
  2 leopard geckos
  A ball python (D:1)
  5 bats
  A giant cockroach (D:1)
  2 goblins (D:1)
  3 hobgoblins (D:1)
  3 kobolds (D:1)
  2 frilled lizards (D:1)
  3 rats (D:1)
23 creatures vanquished.

Notes
Turn   | Place    | Note
-------+----------+-------------------------------------------
     0 | D:1      | Alarkh the Demonspawn Transmuter began the quest for the Orb.
     0 | D:1      | Reached XP level 1. HP: 15/15 MP: 3/3
   108 | D:1      | Reached skill level 3 in Unarmed Combat
   121 | D:1      | Gained mutation: You regenerate a little health from kills. [demonic ancestry]
   121 | D:1      | Reached XP level 2. HP: 8/21 MP: 3/5
  1258 | D:2      | Reached XP level 3. HP: 26/26 MP: 6/6
  1287 | D:2      | Slain by an adder

Vault maps used:
D:1:      minmay_arrival_four_circles, kennysheep_another_room, st_stairs_5
D:2:      nicolae_overflow_hidden_temple, minmay_pentomino_o2

Skill      XL: |  1  2 |
---------------+-------+-----
Unarmed Combat | 3 |  3.3
Dodging        | 2 |  2.2
Fighting       | |  1.3
Spellcasting   | |  2.0
Transmutations | |  1.7

Action                   || total
-------------------------++-------
Melee: Unarmed           ||    88
       Kick              ||     3
       Punch             ||     1
 Cast: Beastly Appendage ||     5
  Use: Potion            ||     3
  Eat: Chunk             ||     1
Armor: Robe              ||    12
Dodge: Dodged            ||    67
